 Dungeon Crawl Stone Soup version 0.15.1-3-g1b33baa (webtiles) character file.

131 Johnny the Chiller (level 4, 0/35 HPs)
             Began as a Demigod Ice Elementalist on Oct 11, 2014.
             Killed from afar by an orc wizard (9 damage)
             ... with a puff of frost
             ... on Level 3 of the Dungeon.
             The game lasted 00:05:42 (2527 turns).

Johnny the Chiller (Demigod Ice Elementalist)       Turns: 2527, Time: 00:05:42

HP   0/35        AC  6     Str 12      XL: 4   Next: 61%
MP   7/11        EV 11     Int 21      God:
Gold 252         SH  0     Dex 16      Spells:  2 memorised,  3 levels left

rFire  . . .     SeeInvis .     j - +0 dagger
rCold  . . .     Clarity  .     x - +0 leather armour
rNeg   . . .     rCorr    .     (no shield)
rPois  .         rRot     .     (no helmet)
rElec  .         Spirit   .     f - +2 cloak
SustAb .         Warding  .     (no gloves)
rMut   .         Stasis   .     (no boots)
Gourm  .                        (no amulet)
MR     .....                    (no ring)
                                (no ring)

@: not resistant to hostile enchantments, unstealthy
A: no striking features
a: no special abilities


You were on level 3 of the Dungeon.
You were not hungry.

You visited 1 branch of the dungeon, and saw 3 of its levels.

You collected 252 gold pieces.

Inventory:

Hand weapons
 j - a +0 dagger (weapon)
Armour
 f - a +2 cloak (worn)
 x - a +0 leather armour (worn)
Comestibles
 a - a rotting chunk of quokka flesh
 c - 2 bread rations
 n - a slice of pizza
Scrolls
 h - a scroll of recharging {unknown}
 p - a scroll of enchant weapon {unknown}
 q - a scroll of random uselessness {unknown}
 s - 2 scrolls of amnesia {unknown}
 t - a scroll of remove curse {unknown}
 u - 3 scrolls of identify {unknown}
Jewellery
 d - a +2 ring of evasion {unknown}
 y - an uncursed amulet of clarity {unknown}
Potions
 e - 2 potions of heal wounds {unknown}
 g - 5 potions of curing {unknown}
 i - a potion of agility {unknown}
 k - a potion of cure mutation {unknown}
 l - a potion of might {unknown}
 m - a potion of restore abilities {unknown}
 o - 3 potions of lignification {unknown}
 r - 2 potions of mutation {unknown}
 v - a potion of berserk rage {unknown}
 w - 2 potions of degeneration {unknown}
Books
 b - a book of Frost

   Spells                             Type                      Level
   *Freeze                            Ice                          1
   Throw Frost                        Conjuration/Ice              2
   Ozocubu's Armour                   Charms/Ice                   3
   Throw Icicle                       Conjuration/Ice              4
   *Summon Ice Beast                  Ice/Summoning                4
   Condensation Shield                Ice                          4


   Skills:
 * Level 1.3 Fighting
 + Level 1.0 Armour
 + Level 2.1 Dodging
 + Level 2.0 Stealth
 * Level 2.6 Spellcasting
   Level 0.8 Conjurations
 * Level 1.0 Summonings
 * Level 3.4 Ice Magic


You had 3 spell levels left.
You knew the following spells:

 Your Spells              Type           Power        Failure   Level  Hunger
a - Freeze                Ice            ###.         3%          1    None
b - Summon Ice Beast      Ice/Summ       ##......     67%         4    ####...


Dungeon Overview and Level Annotations

Branches:
Dungeon (3/15)


Message History

Casting: Freeze
Confirm with . or Enter, or press ? or * to list all spells.
Aiming: Freeze
Press: ? - help, Shift-Dir - straight line, f/p - orc wizard
Aim: an orc wizard, wielding a dagger and wearing a robe (lightly wounded, fast)
You freeze the orc wizard.
The orc wizard is moderately wounded.
The orc wizard casts a spell at you. The magic dart hits you!
* * * LOW HITPOINT WARNING * * *
Casting: Freeze
Confirm with . or Enter, or press ? or * to list all spells.
Aiming: Freeze
Press: ? - help, Shift-Dir - straight line, f/p - orc wizard
Aim: an orc wizard, wielding a dagger and wearing a robe (moderately wounded, fast)
You freeze the orc wizard.
The orc wizard is severely wounded.
The orc wizard points at you and mumbles some strange words.
The puff of frost hits you!
You die...

#.##.#.###...#####.####
#.##.#.##....# #.# #.......#..#.#
#.# #########.#..#..#.#####.#
........#...............# ####
..#####.####.###..####### #...
..#####.# #>.....# ##.##
.....##.# #####o## #..# ..##.##.#
#@# #####..## ........# ##)##
####%>.(.... .###.#### #...#
#.......(... .###.# #...#
#.##.###..#. .#...# #...#
#.##.##...#. .....# #...#
#.##.##.#.#. ..#..##
######...####.##.##.#(#.
..#...####.............##......#.
#####.##...............#####.###.


You could see an orc wizard.

Vanquished Creatures
  4 adders
  2 worms
  6 giant geckos
  An ooze (D:3)
  5 orcs (D:3)
  8 bats
  5 giant cockroaches
  8 goblins
  7 hobgoblins
  3 quokkas
  4 giant newts
  6 jackals
  6 kobolds
  8 rats
73 creatures vanquished.

Notes
Turn   | Place    | Note
--------------------------------------------------------------
     0 | D:1      | Johnny, the Demigod Ice Elementalist, began the quest for the Orb.
     0 | D:1      | Reached XP level 1. HP: 14/14 MP: 3/3
   328 | D:1      | Reached XP level 2. HP: 22/22 MP: 0/5
   941 | D:2      | Reached skill level 1 in Armour
   941 | D:2      | Reached XP level 3. HP: 27/27 MP: 3/8
   947 | D:2      | Reached skill level 3 in Ice Magic
  1508 | D:2      | Reached skill level 1 in Fighting
  1741 | D:3      | Reached XP level 4. HP: 25/35 MP: 4/11
  1758 | D:3      | Learned a level 4 spell: Summon Ice Beast
  2520 | D:3      | Reached skill level 1 in Summonings
  2527 | D:3      | Killed from afar by an orc wizard

Action                   |  1- 3 |  4- 6 || total
-------------------------+-------+-------++-------
Melee: Club              |    22 |       ||    22
       Unarmed           |     1 |       ||     1
       Dagger            |    62 |    36 ||    98
 Cast: Freeze            |    60 |    43 ||   103
 Stab: Sleeping          |     3 |     1 ||     4
       Distracted        |     1 |       ||     1
  Eat: Chunk             |     3 |     2 ||     5
